 Dungeon Crawl Stone Soup version 0.27-a0-1256-gced786f65e (webtiles) character file.

Game seed: 1025192123954690140

27377 robertstho the Thaumaturge (level 13, -1/92 HPs)
             Began as a Djinni Fire Elementalist on June 10, 2021.
             Was an Initiate of Gozag.
             Slain by a cane toad (22 damage)
             ... on level 4 of the Lair of Beasts.
             The game lasted 00:31:15 (22485 turns).

robertstho the Thaumaturge (DjFE)                  Turns: 22485, Time: 00:31:16

Health: -1/92      AC:  3    Str: 13    XL:     13   Next: 65%
Gold:   2173       EV: 13    Int: 21    God:    Gozag SH:  0 Dex: 15

rFire    + + .     SeeInvis +   D - +3 double sword (protect)
rCold    x . .     Faith    .   (no shield)
rNeg     . . .     Spirit   .   a - +0 robe
rPois    ∞         Reflect  .   J - +0 helmet
rElec    .         Harm     .   (no cloak)
rCorr    .         Rampage  .   (no gloves)
Will     +....                  (boots unavailable)
Stlth    +++.......             (no amulet)
HPRegen  0.25/turn              G - ring of see invisible
MPRegen  0.00/turn              x - +6 ring of strength

@: gold aura, flying
A: sickness immunity, fire resistance 2, cold vulnerability 1, float, innate
caster, hp casting, extra vitality 1
a: Renounce Religion, Potion Petition, Call Merchant, Bribe Branch


You were on level 4 of the Lair of Beasts.
You worshipped Gozag.
Gozag was most pleased with you.
You visited 2 branches of the dungeon, and saw 19 of its levels.

You collected 3362 gold pieces.
You paid 1189 gold pieces to Gozag.

Inventory:

Hand Weapons
 g - a +4 dagger
 p - a +0 great sword
 y - a +2 hand axe of electrocution
 D - a +3 double sword of protection (weapon)
Missiles
 K - 4 atropa-tipped darts
 P - 4 curare-tipped darts
Armour
 a - a +0 robe (worn)
 c - a +2 cloak
 J - a +0 helmet (worn)
 M - a scarf of repulsion
Jewellery
 e - a +4 ring of evasion
 n - a ring of willpower
 t - a ring of positive energy
 v - a ring of willpower
 x - a +6 ring of strength (right hand)
 B - a ring of positive energy
 G - a ring of see invisible (left hand)
 L - a +6 ring of dexterity
Wands
 q - a wand of iceblast (25)
 A - a wand of polymorph (8)
 E - a wand of acid (19)
Scrolls
 k - 6 scrolls of teleportation
 l - a scroll of blinking
 m - 3 scrolls of fear
 o - 2 scrolls of enchant weapon
 r - 4 scrolls of enchant armour
 u - a scroll of summoning
 z - a scroll of silence
 H - a scroll of immolation
 N - a scroll of identify
Potions
 b - a potion of cancellation
 d - 2 potions of might {unknown}
 f - 4 potions of lignification {unknown}
 h - 6 potions of curing {unknown}
 i - 4 potions of heal wounds
 j - 5 potions of brilliance {unknown}
 s - 2 potions of invisibility {unknown}
 w - 5 potions of mutation
 C - 2 potions of degeneration {unknown}
 F - 2 potions of haste {unknown}
 I - 2 potions of berserk rage {unknown}
 O - 3 potions of attraction {unknown}
 Q - a potion of ambrosia {unknown}


   Skills:
 * Level 8.0 Fighting
 + Level 0.2(1.2) Short Blades
 + Level 1.9(2.0) Long Blades
 + Level 4.1 Dodging
 + Level 4.3 Stealth
 * Level 14.8 Spellcasting


You had 6 spell levels left.
You knew the following spells:

 Your Spells              Type           Power      Damage    Failure   Level
a - Foxfire               Conj/Fire      100%       2x1d9     0%          1
b - Conjure Flame         Conj/Fire      67%        6-21      1%          3
c - Inner Flame           Hex/Fire       67%        N/A       1%          3
d - Sticky Flame          Conj/Fire      67%        2d8       1%          4
e - Fireball              Conj/Fire      33%        3d14      1%          5
f - Freeze                Ice            100%       1d11      0%          1
g - Passwall              Tmut/Erth      55%        N/A       0%          2
h - Vampiric Draining     Necr           33%        2d10      1%          3
i - Summon Lightning Spi  Summ/Air       67%        N/A       1%          4
j - Olgreb's Toxic Radia  Pois           67%        N/A       1%          4
k - Summon Mana Viper     Hex/Summ       67%        N/A       1%          5
Your spell library was empty.

Dungeon Overview and Level Annotations

Branches:
Dungeon (15/15)            Temple (0/1) D:6            Lair (4/6) D:9
  Swamp (0/4) Lair:3       Spider (0/4) Lair:2          Orc (0/2) D:10
 Vaults: D:13-14     Depths: D:15

Altars:
Ashenzari
Elyvilon
Gozag
Hepliaklqana
Kikubaaqudgha
Nemelex Xobeh
Sif Muna
Trog
Yredelemnul
Zin

Shops:
D:7 (   D:8 =

Annotations:
D:7 3 runed translucent doors, pigah's ghost, novice OpWn
D:9 3 runed translucent doors, puppykicker's ghost, journeyman BaIE


Innate Abilities, Weirdness & Mutations

You are immune to sickness and miasma.
You are immune to poison.
Your flesh is very heat resistant. (rF++)
You are vulnerable to cold. (rC-)
You float through the air rather than walking.
You learn spells naturally, not from books.
Your magical power is your life essence.
You have superior vitality. (+4 HP)


Message History

Press: ? - help, Shift-Dir - straight line, f - death yak
Aim: a death yak (heavily wounded, very poisoned, ally target)
The fireball explodes!
The fireball engulfs the death yak!!
The death yak is severely wounded.
You hear a bellow!
You hear an angry hiss.
Unknown command.
Casting: Fireball (mildly dangerous; 1% risk of failure)
Confirm with . or Enter, or press ? or * to list all spells.
Aiming: Fireball (mildly dangerous; 1% risk of failure)
Press: ? - help, Shift-Dir - straight line, f/p - death yak
Aim: a death yak (severely wounded, very poisoned, ally target)
The fireball explodes!
The fireball engulfs the death yak!!
The death yak is almost dead.
You hear an angry hiss.
A death yak comes into view.
A death yak comes into view. x2
Your lightning spire shoots out a bolt of lightning at the death yak!
The bolt of electricity hits the death yak!
The death yak dies!
Casting: Fireball (mildly dangerous; 1% risk of failure)
Confirm with . or Enter, or press ? or * to list all spells.
Aiming: Fireball (mildly dangerous; 1% risk of failure)
Press: ? - help, Shift-Dir - straight line, f - cane toad
Aim: a cane toad The fireball explodes!
The fireball engulfs the cane toad!!
The cane toad is severely wounded.
* * * LOW HITPOINT WARNING * * *
Unknown command.
Casting: Fireball (mildly dangerous; 1% risk of failure)
Confirm with . or Enter, or press ? or * to list all spells.
Aiming: Sticky Flame (safe; 1% risk of failure)
Press: ? - help, Shift-Dir - straight line, f/p - cane toad
Aim: a cane toad (severely wounded, ally target, 100% to hit)
The sticky flame hits the cane toad.
The cane toad is severely wounded.
The cane toad is covered in liquid flames!
* * * LOW HITPOINT WARNING * * *
The cane toad burns!
The cane toad stings you!!
You die...
Your body crumbles into a pile of gold.

.......##...## ..
#.....'....## ...
.......#P...P#
....#########...## #
....######.##...#....
....$<.....[.........
.........8...........
.Y...................
.Y.Y..$@F$$$.........
....##.#.##.$$.......
. #######......##+
#........ #......PP
.:..... .....


You could see 3 death yaks, a cane toad (burning, ally target) and a friendly
lightning spire (summoned).

Vanquished Creatures
  A catoblepas (D:13)
  5 hydras
  2 two-headed ogres
  2 cyclopes (D:11)
  2 black mambas (Lair:4)
  A gargoyle (D:13)
  2 cane toads
  2 unseen horrors
  A rime drake (Lair:3)
  4 komodo dragons
  A wolf spider simulacrum (D:11)
  3 meliai (D:13)
  A hornet (Lair:3)
  6 blink frogs
  A polar bear (Lair:3)
  A blink frog (shapeshifter) (D:12)
  A shadow (D:11)
  A tarantella (shapeshifter) (D:13)
  A wyvern (Lair:1)
  3 basilisks
  A vampire (D:12)
  27 yaks
  2 steam dragons
  14 water moccasins
  An acid dragon (D:11)
  8 orc warriors
  A swamp drake (Lair:3)
  A black bear (D:7)
  2 necrophages
  A sky beast (D:7)
  5 centaurs
  4 wolves (Lair:4)
  A phantom (D:6)
  A kobold brigand (D:10)
  8 bullfrogs
  A gnoll sergeant (D:11)
  2 scorpions
  10 killer bees (D:9)
  9 wights
  4 howler monkeys
  5 electric eels
  A bullfrog zombie (D:5)
  4 centaur zombies
  A jelly (D:6)
  A bullfrog skeleton (D:7)
  A centaur skeleton (D:7)
  7 hounds
  8 orc priests
  3 iguanas
  15 orc wizards
  A scorpion zombie (D:5)
  A mummy (D:6)
  A howler monkey zombie (D:6)
  A howler monkey skeleton (D:5)
  3 adders
  6 gnolls
  A white imp (D:5)
  A worm (D:2)
  4 dart slugs
  65 orcs
  12 ball pythons
  6 endoplasms
  5 giant cockroaches
  6 goblins
  6 hobgoblins
  3 jackals (D:4)
  A quokka (D:5)
  5 bats
  3 frilled lizards
  A hobgoblin zombie (D:6)
  16 kobolds
  2 kobold zombies (D:6)
  An orc zombie (D:6)
  6 rats
347 creatures vanquished.

Vanquished Creatures (collateral kills)
  A two-headed ogre (D:12)
  A death yak (Lair:4)
  4 deep elf pyromancers
  2 cyclopes (D:13)
  3 cane toads (Lair:3)
  2 tengu conjurers (D:13)
  2 blink frogs (Lair:1)
  A wraith (D:13)
  3 yaks (Lair:2)
  A water moccasin (Lair:2)
  3 foxfires (D:3)
23 creatures vanquished.

Vanquished Creatures (others)
  A wizard (D:10)
  994 foxfires
  15 fungi
  70 plants
1080 creatures vanquished.

Grand Total: 1450 creatures vanquished

Notes
Turn   | Place    | Note
-------+----------+-------------------------------------------
     0 | D:1      | robertstho the Djinni Fire Elementalist began the quest for
                  | the Orb.
     0 | D:1      | Reached XP level 1. HP: 15/15 MP: 0/0
   345 | D:1      | Reached XP level 2. HP: 18/21 MP: 0/0
   759 | D:1      | Reached skill level 3 in Spellcasting
   848 | D:1      | Reached XP level 3. HP: 24/25 MP: 0/0
   848 | D:1      | Learned a level 1 spell: Freeze
  2026 | D:2      | Reached XP level 4. HP: 25/31 MP: 0/0
  2508 | D:2      | Found a faded altar of an unknown god.
  2917 | D:3      | Found a glowing silver altar of Zin.
  3741 | D:3      | Found an opulent altar of Gozag.
  3905 | D:3      | Noticed a water moccasin
  3912 | D:3      | Killed a water moccasin
  3913 | D:3      | Reached skill level 1 in Fighting
  3913 | D:3      | Reached skill level 4 in Spellcasting
  3913 | D:3      | Reached XP level 5. HP: 21/37 MP: 0/0
  3913 | D:3      | Learned a level 2 spell: Passwall
  3942 | D:3      | Became a worshipper of Gozag Ym Sagoz the Greedy
  4114 | D:4      | Reached XP level 6. HP: 38/42 MP: 0/0
  4872 | D:5      | Entered Level 5 of the Dungeon
  4937 | D:5      | Noticed a water moccasin
  4945 | D:5      | Killed a water moccasin
  4946 | D:5      | Reached skill level 5 in Spellcasting
  5066 | D:5      | Reached XP level 7. HP: 45/48 MP: 0/0
  5066 | D:5      | Learned a level 3 spell: Vampiric Draining
  5982 | D:5      | Reached skill level 6 in Spellcasting
  5982 | D:5      | Reached XP level 8. HP: 44/55 MP: 0/0
  6720 | D:6      | Found a basalt altar of Yredelemnul.
  7170 | D:6      | Reached skill level 7 in Spellcasting
  7205 | D:6      | Found a staircase to the Ecumenical Temple.
  7372 | D:6      | Reached XP level 9. HP: 58/61 MP: 0/0
  7372 | D:6      | Learned a level 4 spell: Summon Lightning Spire
  7458 | D:6      | Found a hazy altar of Hepliaklqana.
  7458 | D:6      | Found a white marble altar of Elyvilon.
  7932 | D:7      | Found a runed translucent gate.
  7932 | D:7      | Found a runed translucent gate.
  7932 | D:7      | Found a runed translucent gate.
  7935 | D:7      | Found an opulent altar of Gozag.
  7937 | D:7      | Noticed a centaur warrior
  7941 | D:7      | Noticed pigah's ghost (novice OpWn)
  8008 | D:7      | Reached skill level 8 in Spellcasting
  8776 | D:7      | Noticed a two-headed ogre
  8785 | D:7      | Killed a two-headed ogre
  8786 | D:7      | Reached skill level 9 in Spellcasting
  8786 | D:7      | Reached XP level 10. HP: 47/68 MP: 0/0
  9245 | D:7      | Found a sparkling altar of Nemelex Xobeh.
  9250 | D:7      | Found a broken altar of Ashenzari.
  9484 | D:7      | Reached skill level 10 in Spellcasting
 10473 | D:8      | You are sucked into a shaft and drop 3 floors!
 10493 | D:11     | Reached skill level 5 in Fighting
 10583 | D:10     | Entered Level 10 of the Dungeon
 11494 | D:9      | Reached XP level 11. HP: 50/76 MP: 0/0
 11494 | D:9      | Learned a level 4 spell: Olgreb's Toxic Radiance
 11497 | D:9      | Reached skill level 11 in Spellcasting
 12501 | D:9      | Found a runed translucent gate.
 12502 | D:9      | Found a runed translucent gate.
 12508 | D:9      | Found a runed translucent gate.
 12512 | D:9      | Noticed puppykicker's ghost (journeyman BaIE)
 12885 | D:9      | Found a staircase to the Lair.
 14072 | D:10     | Found a staircase to the Orcish Mines.
 14298 | D:10     | Found a bloodstained altar of Trog.
 14301 | D:10     | Noticed a wizard
 14306 | D:10     | Killed a wizard
 14495 | D:11     | Noticed a cyclops
 14498 | D:11     | Killed a cyclops
 14499 | D:11     | Reached skill level 12 in Spellcasting
 14800 | D:11     | Noticed a cyclops
 14805 | D:11     | Killed a cyclops
 15606 | D:12     | Noticed a two-headed ogre
 15612 | D:12     | Killed a two-headed ogre
 15622 | D:12     | Reached XP level 12. HP: 30/84 MP: 0/0
 16168 | D:12     | Noticed a two-headed ogre
 16174 | D:12     | Killed a two-headed ogre
 16298 | D:12     | You are sucked into a shaft and drop 3 floors!
 16298 | D:15     | Entered Level 15 of the Dungeon
 16544 | D:13     | Noticed an eight-headed hydra
 16555 | D:13     | Killed an eight-headed hydra
 16756 | D:12     | Noticed a boulder beetle
 17083 | D:13     | Reached skill level 13 in Spellcasting
 17246 | D:13     | Noticed a catoblepas
 17252 | D:13     | Killed a catoblepas
 18192 | Lair:1   | Entered Level 1 of the Lair of Beasts
 18357 | Lair:1   | Identified 2 scrolls of acquirement
 18357 | Lair:1   | Acquired a scarf of repulsion
 18366 | Lair:1   | Acquired a +3 double sword of protection
 19417 | Lair:2   | Found a hole to the Spider Nest.
 19835 | Lair:2   | Reached XP level 13. HP: 81/90 MP: 0/0
 19835 | Lair:2   | Learned a level 5 spell: Summon Mana Viper
 19836 | Lair:2   | Reached skill level 14 in Spellcasting
 20723 | Lair:3   | Found a staircase to the Swamp.
 20737 | Lair:3   | Noticed a four-headed hydra
 20743 | Lair:3   | Noticed a six-headed hydra
 20748 | Lair:3   | Killed a four-headed hydra
 20749 | Lair:3   | Killed a six-headed hydra
 20749 | Lair:3   | Noticed an eight-headed hydra
 20750 | Lair:3   | Reached skill level 1 in Long Blades
 20753 | Lair:3   | Killed an eight-headed hydra
 21141 | Lair:3   | Noticed a four-headed hydra
 21145 | Lair:3   | Killed a four-headed hydra
 22485 | Lair:4   | Slain by a cane toad

Illustrated notes

Levels and vault maps discovered:
D:1:      scummos_arrival_simple_fountains, layout_loops_ring,
          corexii_hall_statues_i, minmay_shallow_snake_nest
D:2:      kennysheep_six_static_rooms, layout_basic,
          chequers_ecumenical_altar_island
D:3:      layout_basic, grunt_gozag_statues, nicolae_sif_muna_condensation,
          zin_academy, lemuel_doored_altar, kennysheep_boxes
D:4:      layout_rooms, minivault_24
D:5:      layout_basic, roderic_roman_lattice
D:6:      layout_gridville, kennysheep_mini, nicolae_overflow_hidden_temple,
          minmay_temple_entry_drinking_statues, hangedman_abyss_or_decor_stabs,
          minmay_mini_ossuary
D:7:      layout_basic, overflow_temple_1_default, nicolae_ashenzari_panopticon,
          ebering_ghost_gozag
D:8:      layout_basic, feat_on_display
D:9:      layout_rooms, david_lair_shrubbed, gammafunk_ghost_spectres
D:10:     layout_basic, trog_wizard, hiddenorc2_lemuel
D:11:     layout_long_grid
D:12:     layout_big_octagon
D:13:     layout_long_grid
D:14:     layout_long_grid, skrybe_vaults_entry_preservation,
          chequers_serial_rivers_large_a, serial_shops, shop,
          minmay_lindwurm_lava, uniq_snorg, uniq_kirke
D:15:     hangedman_depths_entry_try_elsewhere_first, layout_cave_pods,
          good_gods_temple_1, nzn_life_drinkers
Lair:1:   layout_regular_city, lightli_volcano_entry_magma_tube,
          serial_bayou_shore_a
Lair:2:   layout_layer_cave, dummy_spider_entry
Lair:3:   layout_regular_city, minmay_swamp_entry_reptiles, lemuel_fruit_fields,
          infiniplex_staircase_pool
Lair:4:   layout_regular_city, disabler_island

Skill      XL: |  1  2  3  4  5  6  7  8  9 10 11 12 13 |
---------------+----------------------------------------+-----
Spellcasting   | 3 4 5 6 7 9 10 12 13 14 | 14.8
Stealth        | 2 3 4 |  4.3
Fighting       | 1 2 3 4 5 6 7 8 |  8.0
Dodging        | 3 4 |  4.1
Long Blades    | 1 |  1.9
Short Blades   | |  0.2

Action                   |  1- 3 |  4- 6 |  7- 9 | 10-12 | 13-15 || total
-------------------------+-------+-------+-------+-------+-------++-------
Melee: Dagger            |       |       |     8 |     6 |       ||    14
       Hand axe          |       |       |       |     8 |       ||     8
       Double sword      |       |       |       |     5 |     3 ||     8
 Cast: Foxfire           |    92 |   139 |   258 |    93 |     1 ||   583
       Sticky Flame      |       |       |     5 |    19 |     4 ||    28
       Fireball          |       |       |       |   118 |    60 ||   178
       Olgreb's Toxic Ra |       |       |       |    38 |     4 ||    42
       Conjure Flame     |       |       |       |     2 |       ||     2
       Summon Lightning  |       |       |       |    18 |     6 ||    24
Invok: Call Merchant     |       |       |       |     2 |       ||     2
  Use: Scroll            |     1 |     4 |     3 |     8 |       ||    16
       Potion            |       |       |     1 |     1 |       ||     2
 Stab: Sleeping          |       |       |       |     1 |       ||     1
Armor: Robe              |     3 |     2 |     9 |    10 |     1 ||    25
Dodge: Dodged            |     5 |    17 |    47 |    42 |     5 ||   116
       Rpst.: Double sword |       |       |       |     4 |     1 ||     5

Table legend: (Time is in decaauts)
 A = Elapsed time spent in this place.
 B = Non-inter-level travel time spent in this place.
 C = Inter-level travel time spent in this place.
 D = Time resting spent in this place.
 E = Time spent auto-exploring this place.
 F = Levels seen in this place.
 G = Mean time per level.
                   A        B        C        D        E       F      G
               +--------+--------+--------+--------+--------+-----+--------+
         Total |  22493 |  21789 |    704 |    741 |  18780 |  19 | 1183.8 |
       Dungeon |  18196 |  17586 |    610 |    429 |  15373 |  15 | 1213.1 |
          Lair |   4297 |   4203 |     94 |    312 |   3407 |   4 | 1074.2 |
               +--------+--------+--------+--------+--------+-----+--------+

Top non-repeatable levels by time:
  Lair:2: 2051 daAuts
     D:9: 2045 daAuts
     D:7: 1826 daAuts
    D:13: 1686 daAuts
     D:2: 1590 daAuts
    D:11: 1582 daAuts
    D:10: 1538 daAuts
     D:6: 1480 daAuts
     D:5: 1480 daAuts
     D:1: 1303 daAuts
     D:3: 1214 daAuts
     D:8: 1124 daAuts
  Lair:1: 1072 daAuts
  Lair:3: 953 daAuts
     D:4: 762 daAuts
